 Dungeon Crawl Stone Soup version 0.18.1-5-g4a78601 (webtiles) character file.

187 Mefis the Magician (level 5, 0/28 HPs)
             Began as a Deep Elf Wizard on May 11, 2016.
             Was an Initiate of Sif Muna.
             Succumbed to a worker ant's poison
             ... on level 4 of the Dungeon.
             The game lasted 00:07:10 (2964 turns).

Mefis the Magician (Deep Elf Wizard)                Turns: 2964, Time: 00:07:10

Health: 0/28       AC:  5    Str:  4    XL:     5   Next: 39%
Magic:  2/14       EV: 13    Int: 29    God:    Sif Muna [......]
Gold:   188        SH:  0    Dex: 13    Spells: 6 memorised, 1 level left

rFire  . . .     SeeInvis .     i - +1 dagger (elec)
rCold  . . .     Gourm    .     a - +0 robe
rNeg   . . .     Faith    .     (no shield)
rPois  .         Spirit   .     b - +0 hat
rElec  .         Dismiss  .     (no cloak)
rCorr  .         Reflect  .     A - +2 pair of gloves
SustAt .         Harm     .     (no boots)
MR     .....                    (no amulet)
Stlth  ++........               (no ring)
                                y - ring of flight

@: brilliant, lethally poisoned (0 -> -3), repel missiles, not resistant to
hostile enchantments, unstealthy
A: no striking features
a: Renounce Religion, Evoke Flight


You were on level 4 of the Dungeon.
You worshipped Sif Muna.
Sif Muna was noncommittal.
You were very hungry.

You visited 2 branches of the dungeon, and saw 5 of its levels.

You collected 188 gold pieces.

Inventory:

Hand Weapons
 i - a +1 dagger of electrocution (weapon)
 o - a +2 vampiric short sword
Missiles
 h - 10 tomahawks (quivered)
 p - 34 sling bullets
 q - 107 arrows
Armour
 a - a +0 robe (worn)
 b - a +0 hat (worn)
 A - a +2 pair of gloves (worn)
Jewellery
 x - an uncursed ring of ice
 y - a ring of flight (left hand)
Wands
 w - a wand of slowing (11/48)
Scrolls
 g - 4 scrolls of identify {unknown}
 j - a scroll of fog {unknown}
 k - a scroll of teleportation {unknown}
 l - 5 scrolls of remove curse {unknown}
 m - a scroll of amnesia {unknown}
 v - a scroll of fear {unknown}
Potions
 e - 2 potions of invisibility {unknown}
 f - a potion of brilliance
 n - a potion of lignification {unknown}
 r - a potion of curing {unknown}
 s - 2 potions of haste {unknown}
 z - a potion of berserk rage {unknown}
 B - a potion of might {unknown}
 C - a potion of agility {unknown}
Books
 c - a book of Minor Magic

   Spells                             Type                      Level
   a - Magic Dart                     Conjuration                  1
   b - Blink                          Translocation                2
   c - Call Imp                       Summoning                    2
   d - Repel Missiles                 Charms/Air                   2
   e - Slow                           Hexes                        2
   f - Conjure Flame                  Conjuration/Fire             3
   g - Mephitic Cloud                 Conjuration/Poison/Air       3
Comestibles
 d - 4 bread rations
 t - a meat ration
 u - 2 beef jerkies
 D - 4 fruits


   Skills:
 + Level 3.9 Dodging
 + Level 3.5 Stealth
 + Level 5.3 Spellcasting
 * Level 2.7 Conjurations
 + Level 2.1 Summonings
 - Level 1.1 Translocations
 + Level 1.4 Poison Magic


You had one spell level left.
You knew the following spells:

 Your Spells              Type           Power        Failure   Level  Hunger
a - Magic Dart            Conj           ####         1%          1    None
b - Call Imp              Summ           #####...     1%          2    None
c - Blink                 Tloc           N/A          1%          2    None
d - Repel Missiles        Chrm/Air       ####..       1%          2    None
e - Mephitic Cloud        Conj/Pois/Air  ####....     1%          3    None
f - Conjure Flame         Conj/Fire      ####....     1%          3    None


Dungeon Overview and Level Annotations

Branches:
Dungeon (4/15)             Temple (1/1) D:4

Altars:
Ashenzari
Cheibriados
Dithmenos
Fedhas
Gozag
Kikubaaqudgha
Makhleb
Nemelex Xobeh
Okawaru
Pakellas
Qazlal
Ru
Sif Muna
Trog
Vehumet
Xom
Yredelemnul
Zin


Message History

Confirm with . or Enter, or press ? or * to list all spells.
You don't have enough magic to cast that spell.
Unknown command.
You hit the worker ant but do no damage.
The worker ant is almost dead.
You feel sick. The worker ant bites you!
You feel sick. The worker ant bites you.
* * * LOW HITPOINT WARNING * * *
The worker ant waves its antennae.
You feel sick.
Your magical contamination has completely faded away.
You feel sick. The worker ant closely misses you.
You are feeling very hungry.
The worker ant bites you.
* * * LOW HITPOINT WARNING * * *
Drink which item? (? for menu, Esc to quit)
It was a potion of brilliance.
You feel clever all of a sudden.
You die...

...........##.................♣.P
...........###..................P
..........## #.............#.....
.........## ##..##......########
.........# #..####..###
##.....#.######...# ####
##########...##..# #.##.......##
######..##....@..#
#........##...a..##
#.<...⌠...........## ##
#........##........### ..##
######..##.......#...###....##
#.##.......#####.........
#+#........# ####.....P
.........## ..... .........# ..#.


You could see a worker ant.

Vanquished Creatures
  A hound (D:4)
  An orc wizard (D:3)
  5 adders
  An ooze (D:2)
  3 dart slugs
  3 giant geckos
  3 orcs (D:3)
  3 giant cockroaches
  10 goblins
  4 hobgoblins
  5 kobolds
  A quokka (D:2)
  A ball python (D:3)
  3 bats
  6 giant newts
  7 rats
57 creatures vanquished.

Vanquished Creatures (collateral kills)
  Ijyb (D:2)
  A goblin (D:2)
2 creatures vanquished.

Grand Total: 59 creatures vanquished

Notes
Turn   | Place    | Note
--------------------------------------------------------------
     0 | D:1      | Mefis the Deep Elf Wizard began the quest for the Orb.
     0 | D:1      | Reached XP level 1. HP: 10/10 MP: 7/7
   249 | D:1      | Reached XP level 2. HP: 15/15 MP: 5/9
   844 | D:2      | Reached XP level 3. HP: 19/19 MP: 11/11
   848 | D:2      | Learned a level 2 spell: Call Imp
   851 | D:2      | Learned a level 2 spell: Blink
   854 | D:2      | Learned a level 2 spell: Repel Missiles
   858 | D:2      | Learned a level 3 spell: Mephitic Cloud
  1473 | D:2      | Noticed Ijyb
  1488 | D:2      | Killed Ijyb
  1488 | D:2      | Reached XP level 4. HP: 19/24 MP: 1/12
  1654 | D:3      | Reached skill level 5 in Spellcasting
  1971 | D:3      | Reached skill level 1 in Poison Magic
  2101 | D:3      | Reached XP level 5. HP: 27/28 MP: 9/14
  2106 | D:3      | Learned a level 3 spell: Conjure Flame
  2509 | D:4      | Found a staircase to the Ecumenical Temple.
  2523 | Temple   | Entered the Ecumenical Temple
  2617 | Temple   | Became a worshipper of Sif Muna the Loreminder
  2962 | D:4      | HP: 1/28 [worker ant (5)]
  2964 | D:4      | Succumbed to a worker ant's poison

Skill      XL: |  1  2  3  4 |
---------------+-------------+-----
Dodging        | 3 |  3.9
Conjurations   | 2 |  2.7
Stealth        | 3 |  3.5
Spellcasting   | 5 |  5.3
Summonings     | 2 |  2.1
Poison Magic   | 1 |  1.4
Translocations | |  1.1

Action                   |  1- 3 |  4- 6 || total
-------------------------+-------+-------++-------
Melee: Dagger            |    10 |     1 ||    11
 Cast: Magic Dart        |    63 |    92 ||   155
       Call Imp          |     1 |       ||     1
       Repel Missiles    |       |     1 ||     1
  Use: Potion            |       |     1 ||     1
 Stab: Sleeping          |     1 |       ||     1
  Eat: Chunk             |     1 |     4 ||     5
Armor: Robe              |     2 |    11 ||    13
Dodge: Dodged            |     9 |    21 ||    30
